 Dungeon Crawl Stone Soup version 0.30.0-5-g1a98f26d00 (webtiles) character file.

Game seed: 11259645365106128164

165 SnakkuSnakku7 the Shooter (level 5, -2/28 HPs)
             Began as a Deep Elf Transmuter on May 11, 2023.
             Was a Believer of Kikubaaqudgha.
             Slain by an iguana (10 damage)
             ... on level 4 of the Dungeon.
             The game lasted 00:05:06 (3363 turns).

SnakkuSnakku7 the Shooter (Deep Elf Transmuter)     Turns: 3363, Time: 00:05:07

Health: -2/28      AC:  3    Str:  7    XL:     5   Next: 21%
Magic:  11/11      EV: 13    Int: 18    God:    Kikubaaqudgha [**....]
Gold:   137        SH:  0    Dex: 17    Spells: 8/10 levels left

rFire   . . .        a - +0 sling
rCold   . . .        (no shield)
rNeg    . . .        h - +0 robe
rPois   .            (no helmet)
rElec   .            (no cloak)
rCorr   .            k - +0 pair of gloves
SInv    .            (no boots)
Will    .....        (no amulet)
Stlth   ++           (no ring)
HPRegen 0.24/turn    (no ring)
MPRegen 0.12/turn

%: no passive effects
@: no status effects
A: no striking features
a: Renounce Religion, Unearth Wretches


You were on level 4 of the Dungeon.
You worshipped Kikubaaqudgha.
Kikubaaqudgha was pleased with you.
You visited 1 branch of the dungeon, and saw 4 of its levels.

You collected 137 gold pieces.

Inventory:

Hand Weapons
 a - a +0 sling (weapon)
Armour
 h - a +0 robe (worn)
 k - a +0 pair of gloves (worn)
 o - a +0 tower shield
Scrolls
 f - a scroll of torment {unknown}
 g - 2 scrolls of blinking {unknown}
 m - 2 scrolls of teleportation {unknown}
 n - a scroll of fog {unknown}
 q - a scroll of silence {unknown}
 s - a scroll of enchant weapon {unknown}
 t - a scroll of brand weapon {unknown}
Potions
 c - a potion of invisibility {unknown}
 d - 4 potions of heal wounds {unknown}
 i - a potion of brilliance {unknown}
 j - a potion of berserk rage
 l - 3 potions of curing
 p - a potion of flight
 r - a potion of might


   Skills:
 - Level 0.7 Fighting
 + Level 5.6 Ranged Weapons
 - Level 2.4 Dodging
 - Level 2.6 Unarmed Combat
 - Level 3.0 Spellcasting
 - Level 1.8 Necromancy
 - Level 2.5 Transmutations


You had 8 spell levels left.
You knew the following spells:

 Your Spells              Type           Power      Damage    Failure   Level
a - Beastly Appendage     Tmut           24%        N/A       5%          1
b - Necrotise             Necr           36%        1d5       8%          1

Your spell library contained the following spells:

 Spells                   Type           Power      Damage    Failure   Level
 Wereblood                Tmut           12%        N/A       9%          2
 Sublimation of Blood     Necr           9%         N/A       12%         2
 Cigotuvi's Dreadful Rot  Necr/Pois/Air  8%         N/A       19%         2
 Spider Form              Tmut/Pois      7%         N/A       28%         3
 Animate Dead             Necr           9%         N/A       61%         4
 Ice Form                 Ice/Tmut       7%         N/A       67%         4


Dungeon Overview and Level Annotations

Branches:
Dungeon (4/15)
 Temple: D:4-7

Altars:
Gozag
Kikubaaqudgha
Nemelex Xobeh
Zin

Annotations:
D:3 1 runed translucent door, Crazy Yiuf


Message History

The sling bullet barely misses the hobgoblin.
The hobgoblin closely misses you. The hobgoblin hits you.
You shoot a sling bullet. The sling bullet hits the hobgoblin.
You kill the hobgoblin!
Kikubaaqudgha accepts your kill.
You shoot a sling bullet. The sling bullet hits the iguana.
The iguana is lightly wounded.
You shoot a sling bullet.
The sling bullet hits the iguana but does no damage.
The iguana is lightly wounded.
You shoot a sling bullet.
The sling bullet hits the iguana but does no damage.
The iguana is lightly wounded.
The iguana bites you!
You are too injured to fight recklessly!
You are too injured to fight recklessly!
You are too injured to fight recklessly!
You are too injured to fight recklessly!
You are too injured to fight recklessly!
Fire: a) +0 sling
Press: ? - help, Q - select action, (/) - cycle Shift-Dir - straight line, f/p - iguana
Aim: an iguana (lightly wounded, 63% to hit)
You shoot a sling bullet. The sling bullet hits the iguana.
The iguana is moderately wounded.
The iguana bites you but does no damage.
Fire: a) +0 sling
Press: ? - help, Q - select action, (/) - cycle Shift-Dir - straight line, f/p - iguana
Aim: an iguana (moderately wounded, 63% to hit)
You shoot a sling bullet.
The sling bullet barely misses the iguana.
The iguana bites you!
* * * LOW HITPOINT WARNING * * *
Fire: a) +0 sling
Press: ? - help, Q - select action, (/) - cycle Shift-Dir - straight line, f/p - iguana
Aim: an iguana (moderately wounded, 63% to hit)
You shoot a sling bullet. The sling bullet hits the iguana!
The iguana is severely wounded.
The iguana bites you!
You die...
Kikubaaqudgha rasps: "You have failed me!
Welcome... death!"

.........)....>.
................#
......#.........#.
...#..#...........
.<................
.#....>.........#
...!...l........#
.......@.....#.###.
...................
.........#..........
##......###....##...
##.....##.....#....
.....................
#.............#....[...
.#..........#.#........
.........###........


You could see an iguana.

Vanquished Creatures
  An orc wizard (D:3)
  6 adders
  A worm (D:4)
  4 dart slugs
  5 orcs
  4 ball pythons
  5 endoplasms
  3 giant cockroaches
  6 goblins
  5 hobgoblins
  3 jackals (D:3)
  4 quokkas
  11 bats
  A frilled lizard (D:1)
  2 kobolds
  9 rats
70 creatures vanquished.

Notes
Turn   | Place    | Note
-------+----------+-------------------------------------------
     0 | D:1      | SnakkuSnakku7 the Deep Elf Transmuter began the quest for
                  | the Orb.
     0 | D:1      | Reached XP level 1. HP: 11/11 MP: 6/6
   138 | D:1      | Found a faded altar of an unknown god.
   405 | D:1      | Prayed at the altar of an unknown god.
   405 | D:1      | Became a worshipper of Kikubaaqudgha
   405 | D:1      | Reached * piety under Kikubaaqudgha
   405 | D:1      | Received a gift from Kikubaaqudgha
   478 | D:1      | Learned a level 1 spell: Necrotise
   498 | D:1      | Reached XP level 2. HP: 12/16 MP: 6/8
   631 | D:1      | Reached skill level 1 in Necromancy
  1117 | D:2      | Reached skill level 1 in Ranged Weapons
  1361 | D:2      | Reached XP level 3. HP: 18/20 MP: 9/9
  1376 | D:2      | Reached skill level 2 in Ranged Weapons
  1615 | D:2      | Reached skill level 3 in Ranged Weapons
  1825 | D:2      | Reached ** piety under Kikubaaqudgha
  1826 | D:2      | Reached XP level 4. HP: 24/24 MP: 10/10
  2294 | D:3      | Reached skill level 4 in Ranged Weapons
  2357 | D:3      | Found a runed translucent door.
  2358 | D:3      | Noticed Crazy Yiuf
  2885 | D:3      | Reached skill level 5 in Ranged Weapons
  2885 | D:3      | Reached XP level 5. HP: 28/28 MP: 11/11
  3032 | D:4      | Found an opulent altar of Gozag.
  3036 | D:4      | Found a glowing silver altar of Zin.
  3037 | D:4      | Found a sparkling altar of Nemelex Xobeh.
  3363 | D:4      | Slain by an iguana

Illustrated notes

Levels and vault maps discovered:
D:1:      dpeg_arrival_three_same_balls, layout_basic,
          ebering_ecumenical_altar_hall
D:2:      layout_loops_corners, minmay_misc_feat_tiny
D:3:      minmay_spotlight, layout_basic, uniq_crazy_yiuf_cottage
D:4:      layout_cave_pools, minitemple, minmay_misc_feat_cross

Skill      XL: |  1  2  3  4 |
---------------+-------------+-----
Necromancy     | 1 |  1.8
Ranged Weapons | 1 3 5 |  5.6
Fighting       | |  0.7
Dodging        | |  2.4
Unarmed Combat | |  2.6
Spellcasting   | |  3.0
Transmutations | |  2.5

Action                     |  1- 3 |  4- 6 || total
---------------------------+-------+-------++-------
  Melee: Unarmed           |    46 |       ||    46
         Kick              |    14 |       ||    14
         Headbutt          |     4 |       ||     4
         Sling             |       |     1 ||     1
   Fire: Sling             |    71 |   127 ||   198
   Cast: Beastly Appendage |    10 |       ||    10
         Necrotise         |     6 |       ||     6
    Use: Scroll            |       |     4 ||     4
         Potion            |       |     1 ||     1
   Stab: Sleeping          |     1 |       ||     1
 Armour: Robe              |    22 |    25 ||    47
         Skin              |       |     9 ||     9
  Dodge: Dodged            |    50 |    65 ||   115
